 Dungeon Crawl Stone Soup version 0.22-b1-59-g0aedee7 (webtiles) character file.

1172 Lew the Covert (level 8, 0/54 HPs)
             Began as an Octopode Assassin on Aug 9, 2018.
             Was an Initiate of Gozag.
             Slain by a centaur (9 damage)
             ... on level 5 of the Dungeon.
             The game lasted 00:16:02 (5461 turns).

Lew the Covert (Octopode Assassin)                  Turns: 5461, Time: 00:16:05

Health: 0/54       AC:  1    Str: 13    XL:     8   Next: 41%
Magic:  8/8        EV: 15    Int: 13    God:    Gozag
Gold:   683        SH:  2    Dex: 13    Spells: 7/7 levels left

rFire    . . .     SeeInvis .   h - +3 quarterstaff (chaos)
rCold    . . .     Gourm    .   (shield currently unavailable)
rNeg     + . .     Faith    .   (helmet restricted)
rPois    .         Spirit   .   n - +2 amulet of reflection
rElec    .         Reflect  +   r - ring of positive energy
rCorr    .         Harm     .   (no ring)
MR       .....                  (no ring)
Stlth    +++++.....             (no ring)
HPRegen  0.18/turn              (no ring)
MPRegen  0.11/turn              (no ring)
                                (no ring)
                                (no ring)

@: no status effects
A: almost no armour, stealthy swim, amphibious, 8 rings, constrict 8, camouflage
1, blink, screaming 1, gelatinous body 1
a: Blink, Potion Petition, Call Merchant, Bribe Branch, Renounce Religion


You were on level 5 of the Dungeon.
You worshipped Gozag.
Gozag was pleased with you.
You were not hungry.

You visited 1 branch of the dungeon, and saw 5 of its levels.

You collected 710 gold pieces.
You paid 27 gold pieces to Gozag.

Inventory:

Hand Weapons
 a - a +2 dagger
 b - a +0 blowgun
 h - a +3 quarterstaff of chaos (weapon)
Missiles
 c - 36 poisoned needles
 d - 2 curare-tipped needles
Jewellery
 n - a +2 amulet of reflection (around mantle)
 r - a ring of positive energy (left tentacle)
 s - an uncursed ring of fire {unknown}
Wands
 i - a wand of enslavement (7)
Scrolls
 e - a scroll of remove curse
 g - 2 scrolls of teleportation
 k - a scroll of enchant weapon {unknown}
 m - 2 scrolls of enchant armour
 q - a scroll of identify
Potions
 j - a potion of lignification
 l - a potion of flight
 o - 4 potions of ambrosia
 p - a potion of heal wounds
 t - a potion of might
Comestibles
 f - 3 rations


   Skills:
 + Level 4.8 Fighting
 - Level 3.5 Short Blades
 + Level 2.8 Staves
 - Level 2.0 Throwing
 + Level 4.3 Dodging
 * Level 10.2 Stealth


You had 7 spell levels left.
You didn't know any spells.
Your spell library was empty.

Dungeon Overview and Level Annotations

Branches:
Dungeon (5/15)
 Temple: D:4-7

Altars:
Gozag
Qazlal
Ru


Innate Abilities, Weirdness & Mutations

You cannot wear most types of armour.
You are very stealthy in the water. (Stealth+)
You are amphibious.
You can wear up to eight rings at the same time.
You can use your tentacles to constrict eight enemies at once.
Your skin changes colour to match your surroundings (Stealth+).
Your rubbery body absorbs attacks. (AC +1, EV +1)
You can translocate small distances at will.
You occasionally shout uncontrollably at your foes.


Message History

You are too injured to fight recklessly!
You are too injured to fight recklessly!
You are too injured to fight recklessly!
The centaur shoots an arrow.
The arrow hits you!
* * * LOW HITPOINT WARNING * * *
There is a stone staircase leading down here.
You see here an arrow.
You sock the centaur! You burn the centaur.
The centaur is severely wounded.
The centaur unwields an uncursed shortbow.
You block the centaur's attack.
You hit the centaur. You burn the centaur.
The centaur is almost dead.
The centaur hits you.
* * * LOW HITPOINT WARNING * * *
The quokka bites you.
* * * LOW HITPOINT WARNING * * *
The centaur hits you!
You die...
Your body crumbles into a pile of gold.

.# .# ######.#
#......#
##......#### #
#..%....... .
#...rc..##### #
#....@....... .
+##....(#.#####
# .......(# #
.......(#
....###(# .###
#.#+#####
######.......#
..............#
########......#


You could see a centaur and a quokka.

Vanquished Creatures
  Grinder (D:4)
  Sigmund (D:4)
  A sky beast (D:5)
  An ogre (D:5)
  A scorpion (D:3)
  A hound (D:5)
  Crazy Yiuf (D:3)
  An orc priest (D:5)
  5 orc wizards
  A centaur skeleton (D:4)
  Ijyb (D:3)
  Terence (D:2)
  Natasha (thrice) (D:3)
  Robin (D:2)
  A gnoll (D:2)
  9 adders
  2 dart slugs
  5 leopard geckos
  4 orcs
  5 giant cockroaches
  18 goblins
  15 hobgoblins
  4 jackals (D:1)
  5 kobolds
  A quokka (D:4)
  6 ball pythons
  13 bats
  7 frilled lizards
  5 rats
  3 fungi (D:3)
  A plant (D:2)
124 creatures vanquished.

Vanquished Creatures (others)
  A plant (D:2)
1 creature vanquished.

Grand Total: 125 creatures vanquished

Notes
Turn   | Place    | Note
-------+----------+-------------------------------------------
     0 | D:1      | Lew the Octopode Assassin began the quest for the Orb.
     0 | D:1      | Reached XP level 1. HP: 14/14 MP: 1/1
   161 | D:1      | Reached XP level 2. HP: 15/19 MP: 2/2
   825 | D:1      | Reached XP level 3. HP: 24/24 MP: 3/3
  1206 | D:2      | Reached skill level 6 in Stealth
  1399 | D:2      | Reached XP level 4. HP: 25/30 MP: 4/4
  1633 | D:2      | Found an opulent altar of Gozag.
  1643 | D:2      | Became a worshipper of Gozag Ym Sagoz the Greedy
  1782 | D:2      | Noticed Robin
  1802 | D:2      | Killed Robin
  2183 | D:2      | Found a sacrificial altar of Ru.
  2186 | D:2      | Noticed Terence
  2193 | D:2      | Killed Terence
  2193 | D:2      | Reached XP level 5. HP: 36/36 MP: 5/5
  2412 | D:3      | Noticed Natasha
  2425 | D:3      | Killed Natasha
  2425 | D:3      | Reached skill level 7 in Stealth
  2778 | D:3      | Noticed Ijyb
  2780 | D:3      | Reached XP level 6. HP: 42/42 MP: 6/6
  2796 | D:3      | Killed Ijyb
  2817 | D:3      | Found a stormy altar of Qazlal.
  3300 | D:3      | Noticed Natasha
  3309 | D:3      | Killed Natasha
  3363 | D:3      | Noticed Natasha
  3370 | D:3      | Killed Natasha
  3843 | D:3      | Found a runed door.
  3852 | D:3      | Noticed Crazy Yiuf
  3856 | D:3      | Killed Crazy Yiuf
  3856 | D:3      | Reached skill level 8 in Stealth
  3997 | D:4      | Reached XP level 7. HP: 6/47 MP: 7/7
  4336 | D:4      | Noticed Grinder
  4357 | D:4      | Killed Grinder
  4357 | D:4      | Reached skill level 1 in Staves
  4357 | D:4      | Reached skill level 9 in Stealth
  4622 | D:4      | Gained mutation: You occasionally shout uncontrollably at your foes. [potion of mutation]
  4622 | D:4      | Gained mutation: You can translocate small distances at will. [potion of mutation]
  4749 | D:4      | Noticed Sigmund
  4760 | D:4      | Killed Sigmund
  4760 | D:4      | Reached XP level 8. HP: 36/54 MP: 8/8
  5092 | D:5      | Entered Level 5 of the Dungeon
  5380 | D:5      | Reached skill level 10 in Stealth
  5461 | D:5      | Slain by a centaur

Skill      XL: |  1  2  3  4  5  6  7  8 |
---------------+-------------------------+-----
Stealth        | 6 7 8 9 10 | 10.2
Dodging        | 2 3 4 |  4.3
Fighting       | 3 4 |  4.8
Short Blades   | 3 |  3.5
Staves         | 2 |  2.8
Throwing       | |  2.0

Action                   |  1- 3 |  4- 6 |  7- 9 || total
-------------------------+-------+-------+-------++-------
Melee: Dagger            |   133 |   122 |       ||   255
       Constrict         |    20 |    30 |    13 ||    63
       Tentacles         |    29 |    28 |     5 ||    62
       Quarterstaff      |       |     8 |    60 ||    68
 Fire: Blowgun           |       |     5 |       ||     5
  Use: Scroll            |       |    11 |     1 ||    12
       Potion            |       |     4 |     2 ||     6
 Stab: Sleeping          |    12 |    13 |    10 ||    35
       Distracted        |       |     1 |       ||     1
  Eat: Chunk             |     1 |     1 |       ||     2
       Ration            |       |     3 |     1 ||     4
Armor: Skin              |     6 |     7 |     1 ||    14
Dodge: Dodged            |    44 |    62 |    32 ||   138
Block: Other             |       |     4 |     3 ||     7
